ITL
PORTLAND PRIVATEERS @ TOPEKA TORNADOS
08/04/2027
 
TOP OF THE 1ST
Portland Privateers batting - Pitching for Topeka Tornados : LHP Seiichi Yamamoto
Pitching: LHP Seiichi Yamamoto
Batting: RHB Luis Pineda 0-0: Ball
1-0: Foul Ball, location: 2F
1-1: SOLO HOME RUN (Flyball, 7D), Distance : 378 ft
Batting: RHB Dave Nelson 0-0: Ball
1-0: Ball
2-0: Ball
3-0: Called Strike
3-1: Fly out, F8 (Flyball, 8RS)
Batting: RHB José Balina 0-0: Ball
1-0: Ball
2-0: Ball
3-0: Base on Balls
Batting: SHB Patrick Larson 0-0: Ball
1-0: Foul Ball, location: 2F
1-1: Ball
Pickoff Throw to First - Out!
2-1: Foul Ball, location: 2F
2-2: Foul Ball, location: 2F
2-2: Strikes out swinging
Top of the 1st over - 1 run(s), 1 hit(s), 0 error(s), 0 left on base; Portland 1 - Topeka 0
BOTTOM OF THE 1ST
Topeka Tornados batting - Pitching for Portland Privateers : RHP Mario Ramos
Pitching: RHP Mario Ramos
Batting: RHB José Pinto 0-0: Called Strike
0-1: Ball
1-1: SINGLE (Groundball, 4MD)
Batting: RHB Gabriel Santana 0-0: Ball
1-0: Called Strike
1-1: SINGLE (Flyball, 89S)
José Pinto to second
Batting: LHB Edward Rose 0-0: Ball
1-0: Called Strike
1-1: Ball
2-1: Ball
3-1: Grounds into double play, 3-6-3 (Groundball, 34)
José Pinto to third
Batting: SHB Javier Peña 0-0: Called Strike
0-1: Fly out, F7 (Line Drive, 7)
Bottom of the 1st over - 0 run(s), 2 hit(s), 0 error(s), 1 left on base; Portland 1 - Topeka 0
TOP OF THE 2ND
Portland Privateers batting - Pitching for Topeka Tornados : LHP Seiichi Yamamoto
Batting: RHB Anastasio Villa 0-0: Called Strike
0-1: Ball
1-1: SINGLE (Line Drive, 4MD)
Batting: LHB Jeff Dorney 0-0: Ball
1-0: Swinging Strike
1-1: Swinging Strike
1-2: Strikes out swinging
Batting: LHB Pedro Padilla 0-0: Ball
1-0: SINGLE (Line Drive, 8LS)
Anastasio Villa to second
Batting: SHB Eric Pimentel 0-0: Foul Ball, location: 2F
0-1: Ball
1-1: Foul Ball, location: 2F
1-2: Ground out 3-1 (Groundball, 23)
Anastasio Villa to third
Pedro Padilla to second
Batting: LHB Yasuhiko Onodera 0-0: Ground out 3-1 (Groundball, 34)
Top of the 2nd over - 0 run(s), 2 hit(s), 0 error(s), 2 left on base; Portland 1 - Topeka 0
BOTTOM OF THE 2ND
Topeka Tornados batting - Pitching for Portland Privateers : RHP Mario Ramos
Batting: RHB Don Thomas 0-0: Swinging Strike
0-1: Foul Ball, location: 2F
0-2: Reached on error, E6 (Groundball, 6)
Batting: SHB Giancarlo Giannini 0-0: Ball
1-0: Foul Ball, location: 2F
1-1: Called Strike
1-2: Ball
2-2: Foul Ball, location: 2F
2-2: Strikes out swinging
Pitching: RHP Blaine Yarbrough
Batting: RHB Desi Thompson 0-0: Ball
1-0: Foul Ball, location: 2F
1-1: Ground out 5-3 (Groundball, 56S)
Don Thomas to second
Batting: LHB José López 0-0: Swinging Strike
0-1: Ground out 4-3 (Groundball, 34)
Bottom of the 2nd over - 0 run(s), 0 hit(s), 1 error(s), 1 left on base; Portland 1 - Topeka 0
TOP OF THE 3RD
Portland Privateers batting - Pitching for Topeka Tornados : LHP Seiichi Yamamoto
Batting: RHB Luis Pineda 0-0: Ball
1-0: Ball
2-0: Ball
3-0: Base on Balls
Batting: RHB Dave Nelson 0-0: Ball
1-0: Called Strike
Luis Pineda steals 2nd base
1-1: Foul Ball, location: 2F
1-2: Ball
2-2: Foul Ball, location: 2F
2-2: Foul Ball, location: 2F
2-2: Strikes out swinging
Batting: RHB José Balina 0-0: Called Strike
0-1: Ball
1-1: Ground out 1-3 (Groundball, 13S)
Luis Pineda to third
Batting: SHB Patrick Larson 0-0: Ball
1-0: Swinging Strike
1-1: SINGLE (Groundball, 56) (infield hit)
Luis Pineda scores
Batting: RHB Anastasio Villa 0-0: Ball
1-0: Hit by Pitch
Patrick Larson to second
Batting: LHB Jeff Dorney 0-0: Swinging Strike
0-1: Ball
1-1: Foul Ball, location: 2F
1-2: Foul Ball, location: 2F
1-2: Ball
2-2: Ball
3-2: Foul Ball, location: 2F
3-2: SINGLE (Flyball, 89S)
Patrick Larson to third
Anastasio Villa to second
Patrick Larson scores
Anastasio Villa to third
Batting: LHB Pedro Padilla 0-0: Ball
1-0: Ball
2-0: Called Strike
2-1: Fly out, F7 (Line Drive, 78M)
Top of the 3rd over - 2 run(s), 2 hit(s), 0 error(s), 2 left on base; Portland 3 - Topeka 0
BOTTOM OF THE 3RD
Topeka Tornados batting - Pitching for Portland Privateers : RHP Blaine Yarbrough
Batting: RHB Dave Henderson 0-0: Called Strike
0-1: Ball
1-1: Fly out, F2 (Popup, 3S)
Batting: RHB José Pinto 0-0: Ball
1-0: Fly out, F8 (Flyball, 8LS)
Batting: RHB Gabriel Santana 0-0: Ball
1-0: Ball
2-0: Ball
3-0: Called Strike
3-1: Called Strike
3-2: TRIPLE (Line Drive, 8RXD)
Batting: LHB Edward Rose 0-0: Ball
1-0: Ground out 6-3 (Groundball, 6)
Bottom of the 3rd over - 0 run(s), 1 hit(s), 0 error(s), 1 left on base; Portland 3 - Topeka 0
TOP OF THE 4TH
Portland Privateers batting - Pitching for Topeka Tornados : LHP Seiichi Yamamoto
Batting: SHB Eric Pimentel 0-0: Swinging Strike
0-1: Fly out, F7 (Flyball, 78S)
Batting: LHB Yasuhiko Onodera 0-0: Called Strike
0-1: Fly out, F8 (Flyball, 8LM)
Batting: RHB Luis Pineda 0-0: Called Strike
0-1: Ball
1-1: Swinging Strike
1-2: Strikes out swinging
Top of the 4th over - 0 run(s), 0 hit(s), 0 error(s), 0 left on base; Portland 3 - Topeka 0
BOTTOM OF THE 4TH
Topeka Tornados batting - Pitching for Portland Privateers : RHP Blaine Yarbrough
Batting: SHB Javier Peña 0-0: Ball
1-0: Called Strike
1-1: Ball
2-1: Ball
3-1: Fly out, F8 (Flyball, 8RM)
Batting: RHB Don Thomas 0-0: Swinging Strike
0-1: Swinging Strike
0-2: Strikes out swinging
Batting: SHB Giancarlo Giannini 0-0: Called Strike
0-1: Called Strike
0-2: Ball
1-2: Ball
2-2: Fly out, F8 (Flyball, 89M)
Bottom of the 4th over - 0 run(s), 0 hit(s), 0 error(s), 0 left on base; Portland 3 - Topeka 0
TOP OF THE 5TH
Portland Privateers batting - Pitching for Topeka Tornados : LHP Seiichi Yamamoto
Batting: RHB Dave Nelson 0-0: Ball
1-0: Called Strike
1-1: Swinging Strike
1-2: Foul Ball, location: 2F
1-2: Strikes out swinging
Batting: RHB José Balina 0-0: Swinging Strike
0-1: Called Strike
0-2: Ball
1-2: Foul Ball, location: 2F
1-2: Strikes out swinging
Batting: SHB Patrick Larson 0-0: Foul Ball, location: 2F
0-1: Called Strike
0-2: Strikes out looking
Top of the 5th over - 0 run(s), 0 hit(s), 0 error(s), 0 left on base; Portland 3 - Topeka 0
BOTTOM OF THE 5TH
Topeka Tornados batting - Pitching for Portland Privateers : RHP Blaine Yarbrough
Batting: RHB Desi Thompson 0-0: Ball
1-0: Ground out 4-3 (Groundball, 4)
Batting: LHB José López 0-0: Called Strike
0-1: Ball
1-1: Foul Ball, location: 2F
1-2: Ball
2-2: Fly out, F3 (Popup, 3L)
Batting: RHB Dave Henderson 0-0: Called Strike
0-1: Ball
1-1: Ball
2-1: Foul Ball, location: 2F
2-2: Hit by Pitch
Batting: RHB José Pinto 0-0: Called Strike
Dave Henderson steals 2nd base
0-1: Ball
1-1: SINGLE (Line Drive, 4)
Dave Henderson to third
Batting: RHB Gabriel Santana 0-0: Ball
1-0: Ball
2-0: Ball
3-0: Called Strike
3-1: Foul Ball, location: 2F
3-2: Base on Balls
José Pinto to second
Batting: LHB Edward Rose 0-0: Ground out 5-3 (Groundball, 56S)
Bottom of the 5th over - 0 run(s), 1 hit(s), 0 error(s), 3 left on base; Portland 3 - Topeka 0
TOP OF THE 6TH
Portland Privateers batting - Pitching for Topeka Tornados : LHP Seiichi Yamamoto
Batting: RHB Anastasio Villa 0-0: Called Strike
0-1: Ball
1-1: Swinging Strike
1-2: Ball
2-2: Foul Ball, location: 2F
2-2: Ball
3-2: Base on Balls
Batting: LHB Jeff Dorney 0-0: Ball
1-0: Fly out, F4 (Line Drive, 4)
Batting: LHB Pedro Padilla 0-0: Ball
1-0: SINGLE (Line Drive, 6M)
Anastasio Villa to second
Batting: SHB Eric Pimentel 0-0: Called Strike
0-1: Swinging Strike
0-2: Strikes out swinging
Batting: LHB Yasuhiko Onodera 0-0: Called Strike
0-1: Ball
1-1: Called Strike
1-2: Strikes out swinging
Top of the 6th over - 0 run(s), 1 hit(s), 0 error(s), 2 left on base; Portland 3 - Topeka 0
BOTTOM OF THE 6TH
Topeka Tornados batting - Pitching for Portland Privateers : RHP Blaine Yarbrough
Batting: SHB Javier Peña 0-0: Called Strike
0-1: Foul Ball, location: 2F
0-2: Ball
1-2: Fly out, F7 (Flyball, 7D)
Batting: RHB Don Thomas 0-0: Reached on error, E5 (Groundball, 56S)
Batting: SHB Giancarlo Giannini 0-0: Called Strike
0-1: Ball
1-1: Foul Ball, location: 2F
1-2: Ball
2-2: Ball
3-2: SINGLE (Groundball, 4MD)
Don Thomas to third
Batting: RHB Desi Thompson 0-0: Foul Ball, location: 2F
0-1: Ground out 5-3 (Groundball, 56S)
Don Thomas scores
Giancarlo Giannini to second
Batting: LHB José López 0-0: Called Strike
0-1: Foul Ball, location: 2F
0-2: Ball
1-2: Ball
2-2: Foul Ball, location: 2F
2-2: Ball
3-2: Ground out U3 (Groundball, 34)
Bottom of the 6th over - 1 run(s), 1 hit(s), 1 error(s), 1 left on base; Portland 3 - Topeka 1
TOP OF THE 7TH
Portland Privateers batting - Pitching for Topeka Tornados : LHP Seiichi Yamamoto
Pitching: LHP John Livingston
Batting: RHB Luis Pineda 0-0: Called Strike
0-1: Ball
1-1: Foul Ball, location: 2F
1-2: Foul Ball, location: 2F
1-2: Ball
2-2: Foul Ball, location: 2F
2-2: Strikes out swinging
Batting: RHB Dave Nelson 0-0: Called Strike
0-1: Ground out 5-3 (Groundball, 56S)
Batting: RHB José Balina 0-0: Swinging Strike
0-1: Called Strike
0-2: Foul Ball, location: 2F
0-2: Ball
1-2: Foul Ball, location: 2F
1-2: Ball
2-2: Foul Ball, location: 2F
2-2: Strikes out swinging
Top of the 7th over - 0 run(s), 0 hit(s), 0 error(s), 0 left on base; Portland 3 - Topeka 1
BOTTOM OF THE 7TH
Topeka Tornados batting - Pitching for Portland Privateers : RHP Blaine Yarbrough
Pitching: RHP Tom Clement
Batting: RHB Dave Henderson 0-0: SINGLE (Groundball, 56D)
Batting: RHB José Pinto 0-0: Ball
1-0: SINGLE (Groundball, 4S) (infield hit)
Dave Henderson to second
Pinch Hitting: RHB Bob Hall 0-0: Called Strike
0-1: Bunted foul
0-2: Ball
1-2: Ball
2-2: Ball
3-2: Base on Balls
Dave Henderson to third
José Pinto to second
Batting: LHB Edward Rose 0-0: Called Strike
0-1: Ball
1-1: Foul Ball, location: 2F
1-2: Foul Ball, location: 2F
1-2: DOUBLE (Groundball, 5L)
Dave Henderson scores
José Pinto scores
Bob Hall to third
Runner from 3rd tries for Home, SAFE, no throw
Pitching: RHP Ricardo Ontiveros
Batting: SHB Javier Peña 0-0: Ball
1-0: Ball
2-0: Ball
3-0: Called Strike
3-1: Called Strike
3-2: Base on Balls
Pinch Runner at 2nd José González:
Batting: RHB Don Thomas 0-0: Swinging Strike
0-1: Called Strike
0-2: Ball
1-2: SINGLE (Line Drive, 8LS)
José González to third
Javier Peña to second
Runner from 3rd tries for Home, SAFE, throw made home
Javier Peña to third
Don Thomas to second
Pinch Hitting: LHB Yoshiaki Ohayashi 0-0: Intentional Walk
Batting: RHB Desi Thompson 0-0: Called Strike
0-1: Called Strike
0-2: Ball
1-2: SINGLE (Groundball, 4) (infield hit)
Javier Peña scores
Don Thomas to third
Yoshiaki Ohayashi to second
Pinch Runner at 1st Armando Méndez:
Batting: LHB José López 0-0: Called Strike
0-1: Ball
1-1: Ball
2-1: Foul Ball, location: 2F
2-2: Strikes out swinging
Pinch Hitting: LHB Ramón Pérez 0-0: Foul Ball, location: 2F
0-1: SINGLE (Groundball, 4MD)
Don Thomas scores
Yoshiaki Ohayashi to third
Armando Méndez to second
Runner from 3rd tries for Home, SAFE, throw made home
Armando Méndez to third
Ramón Pérez to second
Pitching: LHP Wilbert Cooper
Batting: RHB José Pinto 0-0: Called Strike
0-1: Foul Ball, location: 2F
0-2: Strikes out looking
Batting: RHB Bob Hall 0-0: DOUBLE (Line Drive, 7LM)
Armando Méndez scores
Ramón Pérez scores
Batting: SHB José González 0-0: Ground out U3 (Groundball, 34S)
Bottom of the 7th over - 9 run(s), 7 hit(s), 0 error(s), 1 left on base; Portland 3 - Topeka 10
TOP OF THE 8TH
Portland Privateers batting - Pitching for Topeka Tornados : LHP John Livingston
Now at 1B: Ramón Pérez
Now at 3B: Bob Hall
Now at SS: José González
Now in LF: Yoshiaki Ohayashi
Batting: SHB Patrick Larson 0-0: Ball
1-0: Swinging Strike
1-1: Ball
2-1: Foul Ball, location: 2F
2-2: Foul Ball, location: 2F
2-2: Ball
3-2: SINGLE (Groundball, 34D)
Batting: RHB Anastasio Villa 0-0: Reached on error, E5 (Popup, 5S)
Patrick Larson to second
Batting: LHB Jeff Dorney 0-0: Ball
1-0: Ball
2-0: Ball
3-0: Base on Balls
Patrick Larson to third
Anastasio Villa to second
Batting: LHB Pedro Padilla 0-0: Fly out, F8 (Flyball, 8LM)
Runner from 3rd tags up, SCORES, no throw
Batting: SHB Eric Pimentel 0-0: Ground out 5-3 (Groundball, 5S)
Anastasio Villa to third
Jeff Dorney to second
Batting: LHB Yasuhiko Onodera 0-0: Ball
1-0: Foul Ball, location: 2F
1-1: Ball
2-1: Called Strike
2-2: Strikes out swinging
Top of the 8th over - 1 run(s), 1 hit(s), 1 error(s), 2 left on base; Portland 4 - Topeka 10
BOTTOM OF THE 8TH
Topeka Tornados batting - Pitching for Portland Privateers : LHP Wilbert Cooper
Batting: SHB Javier Peña 0-0: Called Strike
0-1: Foul Ball, location: 2F
0-2: Ball
1-2: Ball
2-2: Foul Ball, location: 2F
2-2: Foul Ball, location: 2F
2-2: Ground out 6-3 (Groundball, 6)
Batting: RHB Don Thomas 0-0: Ball
1-0: Foul Ball, location: 2F
1-1: Foul Ball, location: 2F
1-2: Foul Ball, location: 2F
1-2: Fly out, F8 (Flyball, 8LD)
Batting: LHB Yoshiaki Ohayashi 0-0: Called Strike
0-1: Called Strike
0-2: Strikes out looking
Bottom of the 8th over - 0 run(s), 0 hit(s), 0 error(s), 0 left on base; Portland 4 - Topeka 10
TOP OF THE 9TH
Portland Privateers batting - Pitching for Topeka Tornados : LHP John Livingston
Batting: RHB Luis Pineda 0-0: Called Strike
0-1: Ball
1-1: Ball
2-1: Foul Ball, location: 2F
2-2: Fly out, F8 (Flyball, 89M)
Batting: RHB Dave Nelson 0-0: Foul Ball, location: 2F
0-1: Foul Ball, location: 2F
0-2: Ball
1-2: Strikes out looking and he physically ARGUES THE CALL AND IS TOSSED!
Batting: RHB José Balina 0-0: Ball
1-0: Ball
2-0: Ground out 5-3 (Groundball, 5S)
Top of the 9th over - 0 run(s), 0 hit(s), 0 error(s), 0 left on base; Portland 4 - Topeka 10
Thursday, March 30th, 2017 - OOTP Baseball 17.12 Build 75